 Dungeon Crawl Stone Soup version 0.16.0-8-gd9ae3a8 (console) character file.

49 gw the Charmwright (level 4, 37/51 HPs)
             Began as a Human Skald on Mar 16, 2015.
             Quit the game on level 2 of the Dungeon.
             The game lasted 00:07:34 (2608 turns).

gw the Charmwright (Human Skald)                    Turns: 2608, Time: 00:07:34

Health: 37/51      AC:  4    Str: 18    XL:     4   Next: 1%
Magic:  0/8        EV: 11    Int: 13    God:
Gold:   102        SH:  0    Dex: 12    Spells: 3 memorised, 3 levels left

rFire  . . .     SeeInvis .     a - +1 spear
rCold  . . .     Clarity  .     l - +0 robe (curse)
rNeg   . . .     SustAb   .     (no shield)
rPois  .         Gourm    .     (no helmet)
rElec  .         Spirit   .     (no cloak)
rCorr  .         Warding  .     r - +0 pair of gloves
rMut   .         Stasis   .     o - +0 pair of boots
MR     .....                    u - amulet of rage
Stlth  ..........               (no ring)
                                (no ring)

@: berserking, infused, very quick, not resistant to hostile enchantments,
extremely unstealthy
A: no striking features
a: Evoke Berserk Rage


You were on level 2 of the Dungeon.
You were not hungry.

You visited 1 branch of the dungeon, and saw 2 of its levels.

You collected 102 gold pieces.

Inventory:

Hand weapons
 a - a +1 spear (weapon)
Missiles
 f - 6 needles of sleeping
 k - 6 tomahawks (quivered)
 m - 28 stones
Armour
 b - a +0 leather armour
 l - a cursed +0 robe (worn)
 o - a +0 pair of boots (worn)
 r - a +0 pair of gloves (worn)
Jewellery
 u - an amulet of rage (around neck)
Potions
 h - 2 potions of curing
 i - a potion of cancellation
 n - a potion of magic {unknown}
 q - a potion of flight {unknown}
Books
 c - a book of Battle

   Spells                             Type                      Level
   a - Infusion                       Charms                       1
   b - Shroud of Golubria             Charms/Translocation         2
   c - Song of Slaying                Charms                       2
   d - Spectral Weapon                Hexes/Charms                 3
   e - Regeneration                   Charms/Necromancy            3
Comestibles
 d - a bread ration
 g - a meat ration
 j - a beef jerky
 p - a royal jelly


   Skills:
 + Level 2.5 Fighting
 + Level 2.2 Polearms
 + Level 1.8 Armour
 - Level 1.0 Dodging
 * Level 2.5 Spellcasting
 + Level 3.2 Charms


You had 3 spell levels left.
You knew the following spells:

 Your Spells              Type           Power        Failure   Level  Hunger
a - Infusion              Chrm           ##....       10%         1    #......
b - Shroud of Golubria    Chrm/Tloc      #.........   21%         2    ###....
c - Song of Slaying       Chrm           ##......     12%         2    ###....


Dungeon Overview and Level Annotations

Branches:
Dungeon (2/15)

Altars:
Trog

Annotations:
D:2 exclusions: moth of wrath and 1 more exclusion


Message History

A red film seems to cover your vision as you go berserk!
You feel yourself moving faster!
You feel mighty!
Unknown command.
Unknown command.
Unknown command.
Unknown command.
Help; Fight failed Unknown command.
Unknown command.
Unknown command.
Unknown command.
ATTACK MOVE TO (0,-1)
You feel a strong urge to attack something.
Things that are here:
a chunk of flesh x2
Unknown command.
Unknown command.
Unknown command.
Unknown command.
Are you sure you want to abandon this character and quit the game? (Confirm with "yes".)

###### ##....###
##.......##
#.......))#
#...%#....##
####...###...)#
#.....%#y#._..#
#.##..p###...)#
#.##....#.^..##
##.##.........#
####..###.......##
#.......##....###
#........######
### #..........#
..#####..........#
#................#


You could see a moth of wrath.

Table legend:
 A = Turns spent in this place as a percentage of turns spent in the entire game.
 B = Non-inter-level travel turns spent in this place as a percentage of non-inter-level travel turns spent in the entire game.
 C = Inter-level travel turns spent in this place as a percentage of turns spent in this place.
 D = Turns resting spent in this place as a percentage of non-inter-level travel turns spent in this place.
 E = Turns spent auto-exploring this place as a percentage of non-inter-level travel turns spent in this place.
 F = Non-inter-level travel turns spent in this place divided by the number of levels of this place that you've seen.
                   A       B       C       D       E      F
               +-------+-------+-------+-------+-------+----------------------
         Total | 100.0 | 100.0 |   0.3 |   1.7 |   1.6 | 2191.5
       Dungeon | 100.0 | 100.0 |   0.3 |   1.7 |   1.6 | 2191.5
               +-------+-------+-------+-------+-------+----------------------

Table legend:
 A = Kills in this place as a percentage of kills in entire the game.
 B = Kills by you in this place as a percentage of kills by you in the entire game.
 C = Kills by friends in this place as a percentage of kills by friends in the entire game.
 D = Other kills in this place as a percentage of other kills in the entire game.
 E = Experience gained in this place as a percentage of experience gained in the entire game.
 F = Experience gained in this place divided by the number of levels of this place that you have seen.
                   A       B       C       D       E      F
               +-------+-------+-------+-------+-------+----------------------
         Total | 100.0 | 100.0 |  -nan |  -nan | 100.0 |  35.0
       Dungeon | 100.0 | 100.0 |  -nan |  -nan | 100.0 |  35.0
               +-------+-------+-------+-------+-------+----------------------

Vanquished Creatures
  A worm (D:2)
  2 giant geckos (D:2)
  6 bats
  3 giant cockroaches
  4 goblins
  4 hobgoblins (D:1)
  2 jackals (D:1)
  A quokka (D:2)
  5 giant newts
  8 kobolds
  7 rats
43 creatures vanquished.

Notes
Turn   | Place    | Note
--------------------------------------------------------------
     0 | D:1      | gw, the Human Skald, began the quest for the Orb.
     0 | D:1      | Reached XP level 1. HP: 16/16 MP: 3/3
   337 | D:1      | Reached XP level 2. HP: 22/22 MP: 0/4
   378 | D:1      | Learned a level 2 spell: Shroud of Golubria
   381 | D:1      | Learned a level 2 spell: Song of Slaying
  1146 | D:1      | Reached XP level 3. HP: 15/27 MP: 0/6
  1635 | D:1      | Learned a level 1 spell: Infusion
  2433 | D:2      | Noticed a moth of wrath
  2437 | D:2      | Found a bloodstained altar of Trog.
  2460 | D:2      | Reached XP level 4. HP: 8/34 MP: 0/8
  2608 | D:2      | Quit the game

Action                   |  1- 3 |  4- 6 || total
-------------------------+-------+-------++-------
Melee: Spear             |   105 |       ||   105
Throw: Stone             |     5 |       ||     5
       Tomahawk          |     9 |       ||     9
 Cast: Infusion          |    26 |     8 ||    34
       Shroud of Golubri |    24 |     4 ||    28
       Song of Slaying   |     1 |       ||     1
 Abil: Evoke Berserk Rag |     1 |     1 ||     2
  Use: Scroll            |     4 |     4 ||     8
       Potion            |     2 |     1 ||     3
  Eat: Chunk             |     7 |       ||     7
       Bread ration      |       |     1 ||     1

Vault maps used:
D:1:      dpeg_arrival_shrine, amethyst_killhole
D:2:      first_bread, tgw_trog
